Zazza, neutral female human Tourist ################[[####### # --------------# ### #-............|# ------- #|............|# #..^...| #|......<.....-####|.....| %|............|####-.....| #-------------- -|----- ### ^ # ## # # # ##@@##u#### # # ----|---# ##.....(.|# |..>...|# |......-# |......| -------- Zazza the Excursionist Experience level: 8 Strength: 18/01 Dexterity: 11 Constitution: 16 Intelligence: 15 Wisdom: 13 Charisma: 18 Health: 0(61) Energy: 40(40) Def: 11 Gold: 1037 Moves: 11387 Dungeon seed: tfYSOQ5qY1H-1Fvy Game ID: Zazza_1599057124 Your Inventory: Coins $ - 1037 gold pieces Amulets u - a cursed amulet of change C - an uncursed amulet of ESP Weapons a - 18 +2 darts B - a blessed +1 dwarvish mattock J - a blessed +3 elven dagger (weapon in hand) Armor w - a blessed +2 cloak of invisibility (being worn) x - an uncursed +0 pair of leather gloves (being worn) M - an uncursed +0 dwarvish mithril-coat (being worn) N - an uncursed +0 orcish helm (being worn) Comestibles d - an uncursed orange o - 2 uncursed C-rations q - 3 uncursed K-rations S - 2 cursed tripe rations Scrolls c - an uncursed scroll of blank paper E - an uncursed scroll of confuse monster V - an uncursed scroll of remove curse Potions f - a cursed potion of object detection k - a blessed potion of invisibility t - an uncursed potion of full healing W - 2 uncursed potions of object detection Rings r - an uncursed ring of regeneration v - an uncursed ring of regeneration F - an uncursed ring of see invisible (on left hand) Wands b - a wand of fire (0:6) g - a wand of cancellation (0:8) j - a wand of digging (0:4) l - a wand of striking (0:7) s - a wand of teleportation (0:6) y - a wand of light (0:14) H - a wand of striking (0:3) Q - a wand of locking (0:5) U - a wand of slow monster (0:3) Tools m - an expensive camera (0:75) n - an uncursed credit card p - an uncursed magic lamp (lit) D - a +0 pick-axe Gems e - an uncursed worthless piece of red glass Spells and supernatural/magical abilities: Name Level Category Fail Memory W - pray for help -- divine ? -- Your skills at the end: Fighting Skills Weapon Skills dagger [Expert] dart [Basic] Spellcasting Skills Final Attributes: You were piously aligned. You were sleep resistant. You were shock resistant. You were poison resistant. You saw invisible. You were telepathic. You were invisible to others. You were lucky. You are dead. Vanquished creatures: a ghost a long worm a giant zombie a small mimic a glass piercer a gelatinous cube a shocking sphere 2 large cats 4 soldiers a chameleon a lynx 2 leprechauns a giant spider a gnome king 3 dwarf mummies 4 owlbears a yeti 2 werewolves a Green-elf a dwarf lord a plains centaur a gnome mummy a snake 2 apes a human zombie a rope golem a bugbear 2 imps a wood nymph 3 water nymphs a mountain nymph 2 orc shamans a rock piercer 2 rock moles 3 fog clouds 2 yellow lights 2 shriekers 9 gnome lords 2 gnomish wizards 3 kobold mummies an elf zombie 3 straw golems 2 paper golems a baby crocodile 8 giant ants a floating eye 11 dwarves 2 homunculi a kobold lord 6 hill orcs 5 rothes a rabid rat 3 centipedes 3 giant bats 2 monkeys 3 orc zombies 3 wererats a werejackal 7 iguanas 15 killer bees 3 coyotes 4 hobbits 3 manes a large kobold 2 hobgoblins 8 giant rats 4 cave spiders 2 yellow molds 3 green molds 3 red molds 20 gnomes 7 garter snakes a gnome zombie 2 geckos 11 jackals 2 foxes 3 kobolds 3 goblins 15 sewer rats 11 grid bugs 2 bats 6 lichens 6 kobold zombies 8 newts 281 creatures vanquished. Voluntary challenges: You had followed a strict vegetarian diet until turn 2438. You used a wielded weapon 253 times, starting on turn 329. You had been a pacifist until turn 2436. You read items or engraved 45 times, starting on turn 287. You never genocided any monsters. You never polymorphed an object. You changed form 1 time, starting on turn 5092. You used no wishes. You never split a pudding. You wrote Elbereth's name 28 times, starting on turn 1388. You violated your moral code, losing 25 points of alignment, starting on turn 2654. Dungeon overview: The Dungeons of Doom: levels 1 to 13 Level 1 a long staircase Level 2 an altar to Offler, a fountain stairs to The Gnomish Mines Level 3 an armor shop, a fountain Level 4 a potion shop Level 5 a fountain, a throne Level 6 many fountains Level 7 (gold) a long staircase Level 8 a fountain Level 9 a fountain Level 10 some fountains Level 11 a fountain, a sink Level 12 a fountain portal to The Quest Level 13 <- You were here The Gnomish Mines: levels 3 to 5 Level 3 stairs to The Dungeons of Doom Level 4 Level 5 many shops, a temple to Blind Io, some fountains, some trees The Quest: Level 1 portal to The Dungeons of Doom History has recorded: On T:1 you entered the Dungeons of Doom to retrieve the Amulet of Yendor! On T:473 you reached level 2 of The Dungeons of Doom. On T:693 you reached level 1 of The Gnomish Mines. On T:983 you reached level 3 of The Dungeons of Doom. On T:1569 you reached level 4 of The Dungeons of Doom. On T:2042 you reached level 5 of The Dungeons of Doom. On T:2387 you reached level 6 of The Dungeons of Doom. On T:2509 you advanced to experience level 2. On T:2946 you reached level 7 of The Dungeons of Doom. On T:3169 you advanced to experience level 3. On T:3417 you advanced to experience level 4. On T:3451 you reached level 8 of The Dungeons of Doom. On T:3766 you advanced to experience level 5. On T:4033 you reached level 9 of The Dungeons of Doom. On T:4965 you advanced to experience level 6. On T:6246 you reached level 2 of The Gnomish Mines. On T:6346 you reached level 3 of The Gnomish Mines. On T:7286 you advanced to experience level 7. On T:9486 you advanced to experience level 8. On T:9682 you reached level 10 of The Dungeons of Doom. On T:10177 you reached level 11 of The Dungeons of Doom. On T:10688 you reached level 12 of The Dungeons of Doom. On T:10937 you reached level 1 of The Quest. On T:11090 you reached level 13 of The Dungeons of Doom. Score breakdown: Gold: 535 ( 9283 points) Experience: 8 levels (14739 points) Exploration: 13 levels ( 27.08%) (15158 points) Discoveries: 21 items ( 7.05%) ( 7963 points) Valuables value: (no points given unless you survive) Artifact value: 0 ( 0 points) Variety of kills: 84 monsters ( 22.05%) (14086 points) Turncount: 11387 turns (-2570 points) Survival: died (score multiplied by 80%) Total score: 46927 Latest messages: You are almost hit by the 1st runed arrow. You are almost hit by the 2nd runed arrow. The Green-elf wields a runed short sword! The Green-elf thrusts his runed short sword. The Green-elf hits! The Green-elf wields a runed short sword! You hit the Green-elf! The Green-elf thrusts his runed short sword. The Green-elf hits! The Green-elf wields a runed bow! You hit the Green-elf! The Green-elf thrusts his runed short sword. The Green-elf hits! The Green-elf wields a runed short sword! You kill the Green-elf! The Green-elf wields a runed bow! There are several objects here. The Green-elf wields a runed short sword! You hit the Green-elf! The Green-elf thrusts her runed short sword. The Green-elf hits! You hit the Green-elf! The Green-elf thrusts her runed short sword. The Green-elf hits! You die... Final status: Aloha Zazza the Tourist, killed by a Green-elf... You died in The Dungeons of Doom on dungeon level 13 with 46927 points, and 1037 pieces of gold, after 11387 moves. You were level 8 with a maximum of 61 hit points when you died.